 Dungeon Crawl Stone Soup version 0.28-a0-1524-ge72afd5fc6 (webtiles) character file.

Game seed: 14307524531167942861

1150 Shayle the Covert (level 8, -6/58 HPs)
             Began as a Vampire Air Elementalist on Jan 17, 2022.
             Was a Follower of Ashenzari.
             Succumbed to a water moccasin's poison
             ... on level 5 of the Dungeon.
             The game lasted 00:18:24 (5011 turns).

Shayle the Covert (Vampire Air Elementalist)        Turns: 5011, Time: 00:18:25

Health: -6/58      AC:  4    Str:  9    XL:     8   Next: 15%
Magic:  12/12      EV: 13    Int: 17    God:    Ashenzari [*.....]
Gold:   228        SH:  0    Dex: 15    Spells: 6/13 levels left

rFire   . . .      SeeInvis +   j - +2 halberd (protect)
rCold   . . .      Faith    .   (shield currently unavailable)
rNeg    . . .      Spirit   .   a - +0 robe of Star-Bound Wisdom {Elem, Self} (curse)
rPois   .          Reflect  .   g - +1 helmet of the Cryptic Boredom {Alch, Self} (curse)
rElec   .          Harm     .   (no cloak)
rCorr   .          Rampage  .   (no gloves)
Will    .....                   (no boots)
Stlth   ++++......              (no amulet)
HPRegen 0.39/turn               (no ring)
MPRegen 0.13/turn               (no ring)

@: lethally poisoned (-6 -> -47), healing quickly
A: alive, fangs 3, see invisible, vampiric 2
a: Exsanguinate, Renounce Religion, Shatter the Chains


You were on level 5 of the Dungeon.
You worshipped Ashenzari.
Ashenzari was aware of your devotion.
You visited 1 branch of the dungeon, and saw 5 of its levels.

You collected 284 gold pieces.
You spent 56 gold pieces at shops.

Inventory:

Hand Weapons
 d - a +1 mace of protection
 e - a +1 dagger of speed
 j - a +2 halberd of protection (weapon)
Missiles
 k - a throwing net
Armour
 a - the cursed +0 robe of Star-Bound Wisdom (worn) {Elem, Self}

   It has a curse which improves the following skills: Elements: Fire Magic, Ice
   Magic, Air Magic and Earth Magic.
   Introspection: Fighting and Spellcasting.
 g - the cursed +1 helmet of the Cryptic Boredom (worn) {Alch, Self}
   (You found it on level 2 of the Dungeon)

   It has a curse which improves the following skills: Alchemy: Poison Magic and
   Transmutations.
   Introspection: Fighting and Spellcasting.
Wands
 b - a wand of charming (11)
 p - a wand of paralysis (5)
Scrolls
 c - a scroll of blinking
 f - a scroll of fear
Potions
 h - a potion of lignification
 i - a potion of ambrosia
 l - a potion of magic
 o - a potion of brilliance
 q - a potion of degeneration


   Skills:
 + Level 2.4(3.5) Fighting
 + Level 3.8 Dodging
 - Level 10.1 Stealth
 + Level 2.7 Unarmed Combat
 - Level 2.0(3.0) Spellcasting
 + Level 2.1 Conjurations
 - Level 1.1 Translocations
 + Level 1.9(2.6) Transmutations
 + Level 4.1(4.9) Air Magic
 + Level 1.6 Evocations


You had 6 spell levels left.
You knew the following spells:

 Your Spells              Type           Power      Damage    Failure   Level
a - Shock                 Conj/Air       56%        1d6       4%          1
b - Static Discharge      Conj/Air       14%        N/A       6%          2
c - Airstrike             Air            9%         N/A       22%         4

Your spell library contained the following spells:

 Spells                   Type           Power      Damage    Failure   Level
 Swiftness                Air            19%        N/A       7%          3
 Sting                    Tmut/Pois      28%        1d4       10%         1
 Poisonous Vapours        Pois/Air       22%        N/A       10%         2
 Summon Small Mammal      Summ           8%         N/A       17%         1
 Stone Arrow              Conj/Erth      12%        3d7       32%         3
 Call Canine Familiar     Summ           2%         N/A       45%         3
 Frozen Ramparts          Ice            4%         1d2       45%         3
 Summon Guardian Golem    Hex/Summ       2%         N/A       45%         3
 Ice Form                 Ice/Tmut       7%         N/A       69%         4
 Olgreb's Toxic Radiance  Pois           2%         N/A       86%         4
 Summon Ice Beast         Ice/Summ       2%         N/A       86%         4
 Borgnjor's Vile Clutch   Necr/Erth      1%         N/A       99%         5


Dungeon Overview and Level Annotations

Branches:
Dungeon (5/15)
 Temple: D:4-7

Altars:
Ashenzari
Trog

Shops:
D:5 *

Annotations:
D:4 Edmund, Eustachio


Innate Abilities, Weirdness & Mutations

Your natural rate of healing is accelerated.
You have razor-sharp teeth.
You have supernaturally acute eyesight. (SInv)
You are afflicted with vampirism and can become a bat while bloodless.


Message History

The water moccasin is lightly wounded.
The water moccasin bites you.
You are poisoned.
The water moccasin poisons you! The water moccasin barely misses you.
You miss the water moccasin. You bite the water moccasin.
The water moccasin is moderately wounded.
You feel very sick.
The water moccasin bites you but does no damage.
The water moccasin barely misses you.
You hit the water moccasin.
Your weapon exudes an aura of protection.
The water moccasin is moderately wounded.
You feel sick. The water moccasin bites you.
You are more poisoned.
The water moccasin poisons you!
The water moccasin bites you but does no damage.
You closely miss the water moccasin.
The water moccasin is moderately wounded.
You feel very sick. The water moccasin closely misses you.
The water moccasin bites you.
You are more poisoned.
The water moccasin poisons you!
You barely miss the water moccasin.
The water moccasin is moderately wounded.
You feel extremely sick. The water moccasin misses you.
The water moccasin bites you.
You are lethally poisoned!
The water moccasin poisons you!
Unknown command.
You closely miss the water moccasin.
The water moccasin is moderately wounded.
* * * LOW HITPOINT WARNING * * *
You feel extremely sick. The water moccasin bites you!
* * * LOW HITPOINT WARNING * * *
You are more poisoned.
The water moccasin poisons you! The water moccasin barely misses you.
You closely miss the water moccasin.
The water moccasin is moderately wounded.
You die...

##.###.#...## +. #..# #...
..........>.# #..#..# ###.
##.###.#...## #..#..# #...
##.###.##.#######..#..# ##..
##.##..##.# #......#..# #...
h..##.###.###......#..# ##..
#####.......#..#####..#####. #..
.## #..###.##......#..#..... #..
..# #..#....#..S@..#..#[.... #..
..# #..#.#.######.)#..#..### ##..
..###......##......#..#..... #...
......##.####......#..#..... ###.
†........# #..#####..#####..###.
......#######......#..#......#...
............#......#..#......###.
..###.###########..#..#..##### #.
..# #.# ###......#..#.....r# #.


You could see a water moccasin.

Vanquished Creatures
  Menkaure (D:5)
  2 black bears (D:5)
  A sky beast (D:5)
  A phantom (D:5)
  2 scorpions
  A bullfrog zombie (D:5)
  3 hounds
  An orc priest (D:3)
  Terence (D:3)
  3 iguanas (D:5)
  Natasha (thrice) (D:3)
  A killer bee zombie (D:5)
  6 gnolls
  5 adders
  An adder zombie (D:5)
  2 adder skeletons (D:4)
  2 worms
  5 dart slugs
  10 orcs
  10 ball pythons
  2 endoplasms
  6 giant cockroaches
  9 goblins
  6 hobgoblins
  5 jackals
  2 quokkas
  6 bats
  8 frilled lizards
  2 kobolds
  5 rats
112 creatures vanquished.

Vanquished Creatures (collateral kills)
  A worm (D:5)
1 creature vanquished.

Grand Total: 113 creatures vanquished

Notes
Turn   | Place    | Note
-------+----------+-------------------------------------------
     0 | D:1      | Shayle the Vampire Air Elementalist began the quest for the
                  | Orb.
     0 | D:1      | Reached XP level 1. HP: 13/13 MP: 3/3
   157 | D:1      | Reached skill level 4 in Stealth
   222 | D:1      | Reached XP level 2. HP: 17/19 MP: 0/5
   478 | D:1      | Reached skill level 5 in Stealth
   778 | D:1      | Gained mutation: You are afflicted with vampirism and can
                  | become a bat while bloodless. [Vampire growth]
   778 | D:1      | Reached XP level 3. HP: 24/24 MP: 6/6
  1014 | D:1      | Found a faded altar of an unknown god.
  1334 | D:2      | Found a broken altar of Ashenzari.
  1344 | D:2      | Became a worshipper of Ashenzari the Shackled
  1562 | D:2      | Reached skill level 6 in Stealth
  1595 | D:2      | Got the Grimoire of Clay
  1787 | D:2      | Reached XP level 4. HP: 10/30 MP: 1/7
  2070 | D:2      | Reached skill level 7 in Stealth
  2417 | D:3      | Noticed Terence
  2543 | D:3      | Noticed Natasha
  2558 | D:3      | Killed Natasha
  2559 | D:3      | Reached skill level 8 in Stealth
  2559 | D:3      | Reached XP level 5. HP: 20/35 MP: 8/8
  2723 | D:3      | Learned a level 2 spell: Static Discharge
  2728 | D:3      | Learned a level 4 spell: Airstrike
  2741 | D:3      | Killed Terence
  2795 | D:3      | Reached skill level 9 in Stealth
  2811 | D:3      | Noticed Natasha
  2820 | D:2      | Reached skill level 10 in Stealth
  2820 | D:2      | Reached XP level 6. HP: 18/41 MP: 0/9
  2993 | D:3      | Killed Natasha
  3002 | D:3      | Noticed Natasha
  3019 | D:3      | Killed Natasha
  3367 | D:4      | Noticed Eustachio
  3367 | D:4      | Noticed Edmund
  3410 | D:4      | Reached skill level 1 in Conjurations
  3454 | D:4      | Found a bloodstained altar of Trog.
  3709 | D:5      | Entered Level 5 of the Dungeon
  3746 | D:5      | Reached skill level 1 in Fighting
  3790 | D:5      | Found Exzef's Assorted Antiques.
  3798 | D:5      | Bought a metallic inky potion for 18 gold pieces
  3798 | D:5      | Bought a scroll labelled CYKHLU GOMITUATT for 20 gold
                  | pieces
  3798 | D:5      | Bought a white potion for 18 gold pieces
  3807 | D:5      | Reached skill level 1 in Unarmed Combat
  3807 | D:5      | Reached XP level 7. HP: 36/48 MP: 10/10
  3876 | D:5      | Reached skill level 1 in Translocations
  4066 | D:5      | Reached * piety under Ashenzari
  4381 | D:5      | Reached skill level 1 in Transmutations
  4424 | D:5      | Reached skill level 1 in Evocations
  4747 | D:5      | Noticed Menkaure
  4755 | D:5      | Killed Menkaure
  4756 | D:5      | Reached XP level 8. HP: 12/58 MP: 3/12
  5011 | D:5      | Succumbed to a water moccasin's poison

Illustrated notes

Levels and vault maps discovered:
D:1:      lightli_arrival_boilingwater, layout_rooms,
          dreamdust_ecumenical_altar_hidden_monk_grotto,
          minmay_misc_feat_secret_circle
D:2:      layout_basic, basic_altar, minmay_tetromino_s4
D:3:      layout_basic, uniq_natasha, uniq_terence
D:4:      layout_rooms, kennysheep_little_box, uniq_eustachio, uniq_edmund
D:5:      kennysheep_windowed_halls, layout_loops_ring, serial_shops,
          nicolae_shop_overgrown_old_shop, uniq_menkaure

Skill      XL: |  1  2  3  4  5  6  7 |
---------------+----------------------+-----
Stealth        | 4 5 6 8 10 | 10.1
Conjurations   | 1 2 |  2.1
Fighting       | 1 2 |  2.4
Unarmed Combat | 1 2 |  2.7
Dodging        | 3 |  3.8
Translocations | 1 |  1.1
Transmutations | 1 |  1.9
Evocations     | 1 |  1.6
Air Magic      | 4 |  4.1
Spellcasting   | |  2.0

Action                   |  1- 3 |  4- 6 |  7- 9 || total
-------------------------+-------+-------+-------++-------
Melee: Unarmed           |    11 |       |       ||    11
       Bite              |     8 |    17 |    22 ||    47
       Dagger            |    78 |     7 |       ||    85
       Punch             |     3 |       |       ||     3
       Halberd           |       |   155 |   114 ||   269
 Cast: Shock             |    46 |     5 |       ||    51
       Static Discharge  |       |     4 |     5 ||     9
       Airstrike         |       |       |     1 ||     1
Invok: Curse Item        |       |     1 |     1 ||     2
  Use: Scroll            |       |     7 |     3 ||    10
       Potion            |       |     1 |     2 ||     3
 Stab: Sleeping          |    11 |    14 |     3 ||    28
       Distracted        |       |       |     1 ||     1
Armor: Robe              |    26 |    68 |    51 ||   145
Dodge: Dodged            |    55 |   141 |   115 ||   311

Table legend: (Time is in decaauts)
 A = Elapsed time spent in this place.
 B = Non-inter-level travel time spent in this place.
 C = Inter-level travel time spent in this place.
 D = Time resting spent in this place.
 E = Time spent auto-exploring this place.
 F = Levels seen in this place.
 G = Mean time per level.
                   A        B        C        D        E       F      G
               +--------+--------+--------+--------+--------+-----+--------+
         Total |   5119 |   4951 |    168 |   1013 |   2273 |   5 | 1023.8 |
       Dungeon |   5119 |   4951 |    168 |   1013 |   2273 |   5 | 1023.8 |
               +--------+--------+--------+--------+--------+-----+--------+

Top non-repeatable levels by time:
     D:5: 1362 daAuts
     D:2: 1281 daAuts
     D:1: 1178 daAuts
     D:3: 852 daAuts
     D:4: 445 daAuts
